 Dungeon Crawl Stone Soup version 0.31-a0-358-gac0dbeb3ab (webtiles) character file.

Game seed: 13025550178079560582

287 bmack86 the Chopper (level 6, -3/51 HPs)
             Began as a Minotaur Fighter on July 26, 2023.
             Slain by an ogre
             ... wielding a +0 giant spiked club
              (19 damage)
             ... on level 5 of the Dungeon.
             The game lasted 00:07:21 (3177 turns).

bmack86 the Chopper (Minotaur Fighter)              Turns: 3177, Time: 00:07:22

Health: -3/51      AC: 10    Str: 22    XL:     6   Next: 8%
Magic:  5/5        EV:  8    Int:  5    God:
Gold:   219        SH:  4    Dex: 10    Spells: 5/5 levels left

rFire   . . .        a - +0 war axe
rCold   . . .        c - +0 buckler
rNeg    . . .        n - +0 chain mail
rPois   .            (helmet restricted)
rElec   .            d - +0 cloak
rCorr   .            (no gloves)
SInv    .            (no boots)
Will    .....        (no amulet) Stlth
                     (no ring)
HPRegen 0.28/turn    (no ring)
MPRegen 0.09/turn

%: no passive effects
@: lethally poisoned (-3 -> -9), lit by a corona, hasted, glowing, very quick
A: horns 2, retaliatory headbutt
a: no special abilities


You were on level 5 of the Dungeon.
You visited 1 branch of the dungeon, and saw 5 of its levels.

You collected 219 gold pieces.

Inventory:

Hand Weapons
 a - a +0 war axe (weapon)
 j - a +0 broad axe
Missiles
 l - 2 poisoned darts
Armour
 b - a +0 scale mail
 c - a +0 buckler (worn)
 d - a +0 cloak (worn)
 n - a +0 chain mail (worn)
Scrolls
 o - a scroll of fear {unknown}
 s - a scroll of fog {unknown}
Potions
 e - a potion of enlightenment {unknown}
 f - 2 potions of curing
 g - a potion of magic {unknown}
 h - a potion of heal wounds {unknown}
 i - a potion of berserk rage {unknown}
 k - a potion of ambrosia {unknown}
 p - 2 potions of resistance {unknown}
 q - 2 potions of haste
 r - a potion of lignification {unknown}


   Skills:
 - Level 3.6 Fighting
 + Level 7.8 Axes
 - Level 3.6 Armour
 - Level 3.6 Shields


You had 5 spell levels left.
You didn't know any spells.
Your spell library contained the following spells:

 Spells                   Type           Power      Damage    Failure   Level
 Static Discharge         Conj/Air       0%         2-2/arc   99%         2
 Airstrike                Air            0%         2d(0-16)  100%        4
 Summon Lightning Spire   Summ/Air       0%         N/A       100%        4


Dungeon Overview and Level Annotations

Branches:
Dungeon (5/15)             Temple (0/1) D:5

Altars:
Ashenzari
Dithmenos
Fedhas
Qazlal
Uskayaw
Yredelemnul

Annotations:
D:5 Dowan, Duvessa


Innate Abilities, Weirdness & Mutations

You have a pair of horns on your head.
You reflexively headbutt those who attack you in melee.


Message History

Duvessa hits you but does no damage.
You are lethally poisoned!
You hit Duvessa.
Duvessa is heavily wounded.
* * * LOW HITPOINT WARNING * * *
You feel extremely sick.
Duvessa hits you with a +3 rapier of venom.
* * * LOW HITPOINT WARNING * * *
You are more poisoned.
You feel better. Dowan casts a spell at you.
You are outlined in light.
Duvessa hits you but does no damage.
You are poisoned.
You feel better. Dowan hits you but does no damage.
Duvessa hits you but does no damage.
You are poisoned.
You feel yourself speed up.
You feel sick.
Dowan points at you and mumbles some strange words.
The puff of flame hits you. The ogre barely misses you.
You block Duvessa's attack.
You barely miss Duvessa.
Duvessa is heavily wounded.
You barely miss Dowan. You hit the ogre.
You feel sick.
You barely miss Duvessa.
Duvessa is heavily wounded.
You hit the ogre. You slash Dowan!
You feel sick. Dowan hits you with a +0 dagger. Duvessa barely misses you.
You block the ogre's attack.
You hit Duvessa.
Duvessa is severely wounded.
You closely miss Dowan. You completely miss the ogre.
You feel sick. Dowan barely misses you. You furiously retaliate!
You headbutt Dowan, but do no damage. Duvessa hits you but does no damage.
You are more poisoned.
You slash Dowan! Your headbutt misses Dowan.
Dowan is severely wounded.
You hit the ogre. You hit Duvessa but do no damage.
You feel sick. Duvessa barely misses you.
The ogre hits you with a +0 giant spiked club!!
You die...

,,**,,,,.##....<#.####.....,**,,*
,,,,,,**,*#######.#####,...,**,**
,,,,****,,* #...>(...*,,,.,**,*
,,,******,####.......,,,,,,,**,*
,,**,,,**,,..........,**,,,,**,*
,,**,,,,,,,,..........********,*
,,,*,,,,***###........# *,*
,,,****..###...Oe#***** *,* ,,,*
**.......e@# *,* ,,** **###.....#
*,* ,** #.....# *,** ** ###...###
*,,, ##########...### *,,,
...........### *,,, ############
*,,, **,** **********,,*


You could see Duvessa, an ogre and Dowan.

Vanquished Creatures
  Crazy Yiuf (D:2)
  An orc priest (D:3)
  2 hounds
  An iguana (D:4)
  6 adders
  A shadow imp (D:5)
  A dart slug (D:4)
  8 orcs
  7 endoplasms
  7 goblins
  12 hobgoblins
  2 jackals (D:3)
  7 kobolds
  3 quokkas
  6 ball pythons
  3 bats
  2 frilled lizards
  7 rats
  A spectral kobold (D:3)
78 creatures vanquished.

Notes
Turn   | Place    | Note
-------+----------+-------------------------------------------
     0 | D:1      | bmack86 the Minotaur Fighter began the quest for the Orb.
     0 | D:1      | Reached XP level 1. HP: 19/19 MP: 0/0
    78 | D:1      | Reached skill level 3 in Axes
   156 | D:1      | Reached XP level 2. HP: 23/26 MP: 1/1
   486 | D:1      | Reached skill level 4 in Axes
   869 | D:2      | Reached XP level 3. HP: 27/31 MP: 2/2
   909 | D:2      | Reached skill level 5 in Axes
  1049 | D:2      | Reached XP level 4. HP: 31/39 MP: 3/3
  1514 | D:2      | Found a runed translucent door.
  1515 | D:2      | Noticed Crazy Yiuf
  1587 | D:2      | Killed Crazy Yiuf
  1588 | D:2      | Reached skill level 6 in Axes
  1649 | D:3      | Found a faded altar of an unknown god.
  1664 | D:3      | Found a hide-covered altar of Uskayaw.
  1675 | D:3      | Found a shadowy altar of Dithmenos.
  1724 | D:3      | Reached XP level 5. HP: 21/45 MP: 4/4
  1871 | D:3      | Found a basalt altar of Yredelemnul.
  2247 | D:4      | Found a broken altar of Ashenzari.
  2309 | D:4      | Reached skill level 7 in Axes
  2577 | D:4      | Found a blossoming altar of Fedhas.
  2981 | D:4      | Found a stormy altar of Qazlal.
  3065 | D:5      | Entered Level 5 of the Dungeon
  3095 | D:5      | Reached XP level 6. HP: 46/51 MP: 5/5
  3163 | D:5      | Noticed Duvessa
  3165 | D:5      | Noticed Dowan
  3177 | D:5      | Slain by an ogre

Illustrated notes

Levels and vault maps discovered:
D:1:      minmay_arrival_diagonal_passages, layout_loops_cross,
          chequers_arboretum, serial_bayou_pond_b, minmay_statues_item
D:2:      layout_loops_ring, uniq_crazy_yiuf_cottage
D:3:      layout_rooms, mainiacjoe_overflow_cross_hatched,
          mainiacjoe_overflow_catwalk_spiral,
          dreamdust_ecumenical_altar_drowned_temple
D:4:      layout_basic, ashenzari_altar_1, nicolae_qazlal_general_emergency,
          lemuel_round_altar
D:5:      layout_rooms, kennysheep_slug_shrine, minmay_temple_entry_overgrown,
          uniq_duvessa

Skill      XL: |  1  2  3  4  5 |
---------------+----------------+-----
Axes           | 3 4 5 6 7 |  7.8
Fighting       | |  3.6
Armour         | |  3.6
Shields        | |  3.6

Action                     |  1- 3 |  4- 6 || total
---------------------------+-------+-------++-------
  Melee: War axe           |    78 |    76 ||   154
         Headbutt          |    12 |    14 ||    26
    Use: Potion            |       |     4 ||     4
         Scroll            |       |     4 ||     4
 Armour: Scale mail        |    31 |    16 ||    47
         Chain mail        |       |    18 ||    18
  Dodge: Dodged            |    43 |    31 ||    74
  Block: Buckler           |    15 |    14 ||    29

Table legend: (Time is in decaauts)
 A = Elapsed time spent in this place.
 B = Non-inter-level travel time spent in this place.
 C = Inter-level travel time spent in this place.
 D = Time resting spent in this place.
 E = Time spent auto-exploring this place.
 F = Levels seen in this place.
 G = Mean time per level.
                   A        B        C        D        E       F      G
               +--------+--------+--------+--------+--------+-----+--------+
         Total |   3222 |   3101 |    121 |      0 |   2200 |   5 |  644.4 |
       Dungeon |   3222 |   3101 |    121 |      0 |   2200 |   5 |  644.4 |
               +--------+--------+--------+--------+--------+-----+--------+

Top non-repeatable levels by time:
     D:4: 861 daAuts
     D:2: 849 daAuts
     D:1: 806 daAuts
     D:3: 591 daAuts
     D:5: 113 daAuts
